 Dungeon Crawl Stone Soup version 0.28.0-47-ge53b351184 (webtiles) character file.

Game seed: 6539706641318996963

14234 ultragoat the Fighter (level 12, -9/100 HPs)
             Began as a Gnoll Wanderer on Apr 22, 2022.
             Was a Follower of Ru.
             Mangled by a black mamba (10 damage)
             ... on level 4 of the Lair of Beasts on Apr 26, 2022.
             The game lasted 01:47:28 (18103 turns).

ultragoat the Fighter (Gnoll Wanderer)             Turns: 18103, Time: 01:47:29

Health: -9/100     AC: 12    Str: 20    XL:     12   Next: 14%
Magic:  22/23      EV: 13    Int:  9    God:    Ru [*.....]
Gold:   279        SH:  0    Dex:  8    Spells: 17/26 levels left

rFire   . . .      SeeInvis +   a - +4 spear (flame)
rCold   . . .      Faith    .   (no shield)
rNeg    . . .      Spirit   .   u - +3 leather armour of the Serpent {Will+ Dex-3 SInv}
rPois   +          Reflect  .   x - +2 hat
rElec   .          Harm     .   (no cloak)
rCorr   .          Rampage  .   r - +0 pair of gloves
Will    +....                   j - +1 pair of boots
Stlth   ..........              (no amulet)
HPRegen 0.26/turn               k - ring of poison resistance
MPRegen 0.18/turn               (no ring)

@: lethally poisoned (-9 -> -11), about to teleport
A: fangs 1, no stealth, missing an eye, strong nose, distributed training
a: Renounce Religion


You were on level 4 of the Lair of Beasts.
You worshipped Ru.
Ru was aware of your devotion.
You visited 3 branches of the dungeon, and saw 14 of its levels.
You also visited: Sewer.

You collected 629 gold pieces.
You spent 350 gold pieces at shops.

Inventory:

Hand Weapons
 a - a +4 spear of flaming (weapon)
 b - a +2 shortbow of venom
Missiles
 c - 154 arrows
 y - 2 throwing nets (quivered)
Armour
 d - a +0 leather armour
 j - a +1 pair of boots (worn)
 r - a +0 pair of gloves (worn)
 u - the +3 leather armour of the Serpent (worn) {Will+ Dex-3 SInv}
   (You bought it in a shop on level 3 of the Dungeon)

   Dex:       It affects your dexterity (-3).
   SInv:      It lets you see invisible.
   Will:      It increases your willpower.
 x - a +2 hat (worn)
Jewellery
 i - a ring of fire
 k - a ring of poison resistance (left hand)
Wands
 l - a wand of charming (9)
 m - a wand of paralysis (27)
 n - a wand of iceblast (2)
 p - a wand of digging (5)
 q - a wand of flame (20)
Scrolls
 f - 4 scrolls of immolation
 h - 4 scrolls of fear
 o - 2 scrolls of amnesia
 t - 2 scrolls of teleportation
 w - a scroll of magic mapping
Potions
 e - 2 potions of brilliance
 s - 4 potions of resistance
 v - 3 potions of mutation
 z - a potion of flight
 A - a potion of invisibility
 B - a potion of magic {unknown}
 C - a potion of cancellation
 D - 2 potions of curing {unknown}
 E - a potion of berserk rage {unknown}


   Skills:
 + Level 11.0 Fighting
 + Level 7.0 Short Blades
 + Level 7.0 Long Blades
 + Level 7.0 Axes
 + Level 7.0 Maces & Flails
 + Level 9.7 Polearms
 + Level 7.0 Staves
 + Level 7.0 Slings
 + Level 7.5 Bows
 + Level 7.0 Crossbows
 + Level 7.0 Throwing
 + Level 7.0 Armour
 + Level 7.0 Dodging
   Level 0.0 Stealth
 + Level 7.0 Shields
 + Level 7.0 Unarmed Combat
 + Level 7.6 Spellcasting
 + Level 5.8 Conjurations
 + Level 5.8 Hexes
 + Level 5.8 Summonings
 + Level 5.8 Necromancy
 + Level 5.8 Translocations
 + Level 5.8 Transmutations
 + Level 5.8 Fire Magic
 + Level 5.8 Ice Magic
 + Level 5.8 Air Magic
 + Level 5.8 Earth Magic
 + Level 5.8 Poison Magic
 + Level 7.7 Invocations
 + Level 7.0 Evocations


You had 17 spell levels left.
You knew the following spells:

 Your Spells              Type           Power      Damage    Failure   Level
a - Spider Form           Tmut/Pois      13%        N/A       6%          3
b - Summon Guardian Gole  Hex/Summ       13%        N/A       6%          3
c - Dazzling Flash        Conj/Hex       26%        N/A       6%          3

Your spell library contained the following spells:

 Spells                   Type           Power      Damage    Failure   Level
 Beastly Appendage        Tmut           26%        N/A       1%          1
 Summon Small Mammal      Summ           52%        N/A       1%          1
 Wereblood                Tmut           13%        N/A       3%          2
 Call Canine Familiar     Summ           13%        N/A       6%          3
 Cause Fear               Hex            6%         N/A       21%         4
 Iskenderun's Mystic Bla  Conj/Tloc      13%        2d5       21%         4
 Petrify                  Tmut/Erth      13%        N/A       21%         4
 Agony                    Necr           13%        N/A       50%         5
 Metabolic Englaciation   Hex/Ice        6%         N/A       50%         5
 Silence                  Hex/Air        6%         N/A       50%         5
 Starburst                Conj/Fire      6%         6d4       97%         6
 Statue Form              Tmut/Erth      8%         N/A       97%         6
 Dragon Form              Tmut           6%         N/A       100%        7
 Dragon's Call            Summ           6%         N/A       100%        9


Dungeon Overview and Level Annotations

Branches:
Dungeon (9/15)             Temple (1/1) D:7            Lair (4/6) D:8
    Orc (0/2) D:9           Sewer (visited)
  Swamp: Lair:2-4    Shoals: Lair:2-4     Snake: Lair:2-4    Spider: Lair:2-4

Altars:
Ashenzari
Cheibriados
Fedhas
Gozag
Kikubaaqudgha
Makhleb
Nemelex Xobeh
Okawaru
Qazlal
Ru
Sif Muna
Trog
Uskayaw
Wu Jian
Zin
The Shining One

Shops:
D:3 [   D:9 =


Innate Abilities, Weirdness & Mutations

You have very sharp teeth.
You cannot be stealthy.
You are missing an eye, making it more difficult to aim.
Your uncanny sense of smell can sniff out nearby items.
Your experience applies equally to all skills.


Message History

You feel sick. The black mamba bites you!
You closely miss the black mamba.
The black mamba is moderately wounded.
You feel sick. The black mamba bites you!
You closely miss the black mamba. Your bite misses the black mamba.
The black mamba is moderately wounded.
You feel sick.
The black mamba bites you but does no damage.
The black mamba bites you!
You barely miss the black mamba.
The black mamba is moderately wounded.
You feel sick. The black mamba bites you.
You hit the black mamba but do no damage.
Your bite misses the black mamba.
The black mamba is moderately wounded.
You feel sick. The black mamba barely misses you.
You closely miss the black mamba.
The black mamba is moderately wounded.
You feel sick. The black mamba bites you.
Okay, then.
You barely miss the black mamba.
The black mamba is moderately wounded.
You feel sick.
The black mamba bites you but does no damage.
You hit the black mamba. You burn the black mamba.
The black mamba is heavily wounded.
You feel sick.
The naga hits you from afar with a +0 glaive!!
* * * LOW HITPOINT WARNING * * *
The black mamba bites you!
* * * LOW HITPOINT WARNING * * *
Okay, then.
As you read the scroll of teleportation, it crumbles to dust.
You feel strangely unstable.
You feel sick. The black mamba bites you!
* * * LOW HITPOINT WARNING * * *
The naga completely misses you.
The black mamba bites you but does no damage.
* * * LOW HITPOINT WARNING * * *
You feel sick. The black mamba bites you!
You die...

#S... . #.... ..#....
....... ......> ###
N......## ##.##
#.....##########P..#
#........(.NS@.....#
###..........9.......#
.....................#
.............<.......#
.....................#
.....................#
.....................#
.....................#
###..................#


You could see a black mamba (ally target), a naga and a friendly guardian golem
(summoned).

Vanquished Creatures
  Harold (Lair:1)
  A two-headed ogre (D:9)
  A deep elf pyromancer (D:6)
  A black mamba (Lair:1)
  A rime drake (Lair:3)
  A cane toad (Lair:2)
  4 komodo dragons
  A troll (D:9)
  A polar bear (Lair:1)
  9 blink frogs
  26 yaks
  A wyvern (Lair:2)
  2 basilisks
  A warg (D:9)
  A water moccasin (Lair:1)
  7 orc warriors
  3 black bears
  An ice beast (D:7)
  8 wolves
  4 centaurs
  A phantom (D:4)
  A kobold brigand (D:7)
  7 bullfrogs
  A wyvern zombie (D:8)
  13 wights
  2 howler monkeys (D:7)
  5 orc priests
  A bullfrog zombie (D:7)
  A gnoll shaman (D:5)
  2 hounds (D:7)
  4 centaur zombies
  3 centaur skeletons
  An iguana (D:4)
  Ijyb (D:5)
  9 orc wizards
  A howler monkey zombie (D:6)
  17 gnolls
  2 river rats
  9 adders
  3 shadow imps
  A white imp (D:7)
  An adder skeleton (D:5)
  5 worms
  4 dart slugs
  25 orcs
  6 endoplasms
  3 giant cockroaches
  11 goblins
  6 hobgoblins
  8 kobolds
  2 quokkas
  7 ball pythons
  4 bats
  7 frilled lizards
  3 rats
252 creatures vanquished.

Vanquished Creatures (others)
  A bullfrog (Lair:1)
  A gnoll sergeant (D:8)
  A wight (D:8)
  A gnoll (D:8)
  12 fungi
  21 plants
37 creatures vanquished.

Grand Total: 289 creatures vanquished

Notes
Turn   | Place    | Note
-------+----------+-------------------------------------------
     0 | D:1      | ultragoat the Gnoll Wanderer began the quest for the Orb.
     0 | D:1      | ultragoat set off with the following items: a +3 spear, a
                  | +0 shortbow, 22 arrows, a +0 leather armour
     0 | D:1      | Reached XP level 1. HP: 26/26 MP: 4/4
   313 | D:1      | Reached XP level 2. HP: 33/33 MP: 5/5
   366 | D:1      | Found a faded altar of an unknown god.
   780 | D:1      | Reached XP level 3. HP: 38/38 MP: 7/7
  1254 | D:2      | Reached skill level 1 in Invocations
  1363 | D:2      | Reached skill level 1 in Short Blades
  1363 | D:2      | Reached skill level 1 in Long Blades
  1363 | D:2      | Reached skill level 1 in Axes
  1363 | D:2      | Reached skill level 1 in Maces & Flails
  1363 | D:2      | Reached skill level 1 in Staves
  1363 | D:2      | Reached skill level 1 in Slings
  1363 | D:2      | Reached skill level 1 in Crossbows
  1363 | D:2      | Reached skill level 1 in Throwing
  1363 | D:2      | Reached skill level 1 in Armour
  1363 | D:2      | Reached skill level 1 in Dodging
  1363 | D:2      | Reached skill level 1 in Shields
  1363 | D:2      | Reached skill level 1 in Unarmed Combat
  1363 | D:2      | Reached skill level 1 in Evocations
  1363 | D:2      | Reached XP level 4. HP: 45/45 MP: 8/8
  1370 | D:2      | Reached skill level 1 in Conjurations
  1370 | D:2      | Reached skill level 1 in Hexes
  1370 | D:2      | Reached skill level 1 in Summonings
  1370 | D:2      | Reached skill level 1 in Necromancy
  1370 | D:2      | Reached skill level 1 in Translocations
  1370 | D:2      | Reached skill level 1 in Transmutations
  1370 | D:2      | Reached skill level 1 in Fire Magic
  1370 | D:2      | Reached skill level 1 in Ice Magic
  1370 | D:2      | Reached skill level 1 in Air Magic
  1370 | D:2      | Reached skill level 1 in Earth Magic
  1370 | D:2      | Reached skill level 1 in Poison Magic
  1474 | D:2      | Reached XP level 5. HP: 46/51 MP: 9/9
  1979 | D:3      | Found a glowing drain.
  2120 | Sewer    | Entered a sewer
  2927 | D:3      | Found a broken altar of Ashenzari.
  3001 | D:3      | Found Penean's Antique Armour Boutique.
  3489 | D:4      | You fall into a shaft and drop 3 floors!
  3514 | D:7      | Reached XP level 6. HP: 47/57 MP: 9/11
  3761 | D:7      | Noticed an orc warrior
  3766 | D:7      | Noticed an ice beast
  3847 | D:7      | Killed an orc warrior
  3848 | D:7      | Reached XP level 7. HP: 22/63 MP: 12/12
  4333 | D:7      | Reached skill level 9 in Fighting
  4465 | D:6      | Reached XP level 8. HP: 46/71 MP: 12/14
  5027 | D:5      | Entered Level 5 of the Dungeon
  5381 | D:3      | Bought a bronze leather armour for 175 gold pieces
  5381 | D:3      | Identified the +3 leather armour of the Serpent {Will+
                  | Dex-3 SInv} (You bought it in a shop on level 3 of the
                  | Dungeon)
  6070 | D:5      | Noticed Ijyb
  6081 | D:5      | Killed Ijyb
  6672 | D:3      | Bought an embroidered hat for 175 gold pieces
  6862 | D:6      | Reached XP level 9. HP: 70/76 MP: 16/16
  7087 | D:6      | Noticed a deep elf pyromancer
  7101 | D:6      | Killed a deep elf pyromancer
  7102 | D:6      | Reached skill level 5 in Spellcasting
  7585 | D:7      | Found a staircase to the Ecumenical Temple.
  7605 | Temple   | Entered the Ecumenical Temple
  7645 | Temple   | Became a worshipper of Ru the Awakened
  7691 | D:7      | Reached skill level 5 in Bows
  8348 | D:8      | Reached skill level 5 in Stealth
  8634 | D:8      | Reached skill level 5 in Invocations
  8638 | D:8      | Reached XP level 10. HP: 85/85 MP: 16/18
  8885 | D:8      | Gained mutation: You cannot be stealthy. [Ru sacrifice]
  9075 | D:8      | Reached skill level 5 in Short Blades
  9075 | D:8      | Reached skill level 5 in Long Blades
  9075 | D:8      | Reached skill level 5 in Axes
  9075 | D:8      | Reached skill level 5 in Maces & Flails
  9075 | D:8      | Reached skill level 5 in Staves
  9075 | D:8      | Reached skill level 5 in Slings
  9075 | D:8      | Reached skill level 5 in Crossbows
  9075 | D:8      | Reached skill level 5 in Throwing
  9075 | D:8      | Reached skill level 5 in Armour
  9075 | D:8      | Reached skill level 5 in Dodging
  9075 | D:8      | Reached skill level 5 in Shields
  9075 | D:8      | Reached skill level 5 in Unarmed Combat
  9075 | D:8      | Reached skill level 5 in Evocations
  9247 | D:8      | Found a staircase to the Lair.
  9544 | D:9      | Reached skill level 10 in Fighting
 10863 | D:9      | Found a staircase to the Orcish Mines.
 11192 | D:9      | Found Pystrimabe's Jewellery Boutique.
 11556 | D:9      | Noticed a two-headed ogre
 11566 | D:9      | Killed a two-headed ogre
 11702 | Lair:1   | Entered Level 1 of the Lair of Beasts
 11768 | Lair:1   | Reached XP level 11. HP: 45/92 MP: 20/20
 12139 | Lair:1   | Reached skill level 5 in Conjurations
 12139 | Lair:1   | Reached skill level 5 in Hexes
 12139 | Lair:1   | Reached skill level 5 in Summonings
 12139 | Lair:1   | Reached skill level 5 in Necromancy
 12139 | Lair:1   | Reached skill level 5 in Translocations
 12139 | Lair:1   | Reached skill level 5 in Transmutations
 12139 | Lair:1   | Reached skill level 5 in Fire Magic
 12139 | Lair:1   | Reached skill level 5 in Ice Magic
 12139 | Lair:1   | Reached skill level 5 in Air Magic
 12139 | Lair:1   | Reached skill level 5 in Earth Magic
 12139 | Lair:1   | Reached skill level 5 in Poison Magic
 12178 | Lair:1   | Noticed Harold
 12193 | Lair:1   | Killed Harold
 12362 | Lair:1   | Found a burning altar of Makhleb.
 12747 | Lair:1   | Gained mutation: You are missing an eye, making it more
                  | difficult to aim. [Ru sacrifice]
 12747 | Lair:1   | Reached * piety under Ru
 16714 | Lair:3   | Reached XP level 12. HP: 99/99 MP: 23/23
 16748 | Lair:3   | Noticed a death yak
 16749 | Lair:3   | Noticed a death yak
 16766 | Lair:2   | Upgraded the game from 0.28.0-45-g0d030f2227 to
                  | 0.28.0-47-ge53b351184
 16860 | Lair:2   | Reached skill level 11 in Fighting
 17167 | Lair:2   | Learned a level 3 spell: Spider Form
 17572 | Lair:3   | Learned a level 3 spell: Summon Guardian Golem
 17988 | Lair:3   | Learned a level 3 spell: Dazzling Flash
 18027 | Lair:3   | Noticed a seven-headed hydra
 18102 | Lair:4   | HP: 2/100 [black mamba (9)]
 18103 | Lair:4   | Mangled by a black mamba

Illustrated notes

Levels and vault maps discovered:
D:1:      elethiomel_arrival_maze, layout_basic,
          shapermc_ecumenical_altar_mp_vishouse, minivault_24,
          nicolae_figureground_sparkle
D:2:      layout_basic
D:3:      layout_loops_ring, mainiacjoe_overflow_paths, serial_glass,
          glass_columns_a, glass_columns_a, portal_sewer_entry_b, serial_shops,
          shop, hangedman_abyss_or_decor_lesser_grid, roderic_serpentine_path
D:4:      layout_basic
D:5:      layout_cave_pools, corexii_shack, uniq_ijyb
D:6:      layout_cave_pools, nrook_uturn, guppyfry_early_elven_hall
D:7:      layout_basic, minmay_temple_entry_antechambers, minmay_checkerbox
D:8:      layout_loops_corners, lair_entry_dummy, lemuel_flamethrower_2
D:9:      layout_irregular_city, david_orc_1_choice, serial_shops,
          nicolae_take_the_stairs, kennysheep_generic_room_14
Temple:   compressed_dpeg_circular_temple
Lair:1:   layout_roguey, basic_altar, lemuel_old_faithful, grunt_megastairs_1,
          serial_bayou_shore_a, uniq_harold
Lair:2:   layout_cave_pods, chequers_serial_rivers_micro_c,
          infiniplex_staircase_pool_2, grunt_megastairs_5
Lair:3:   layout_loops_ring, swamp_mist_pool, st_stairs_8, grunt_megastairs_2,
          infiniplex_staircase_pool
Lair:4:   layout_hall_layers, minmay_snake_entry_guardpost_small,
          minmay_hedge_maze

Skill      XL: |  1  2  3  4  5  6  7  8  9 10 11 12 |
---------------+-------------------------------------+-----
Invocations    | 1 2 3 4 5 6 7 |  7.7
Short Blades   | 1 2 3 4 5 6 7 |  7.0
Long Blades    | 1 2 3 4 5 6 7 |  7.0
Axes           | 1 2 3 4 5 6 7 |  7.0
Maces & Flails | 1 2 3 4 5 6 7 |  7.0
Staves         | 1 2 3 4 5 6 7 |  7.0
Slings         | 1 2 3 4 5 6 7 |  7.0
Crossbows      | 1 2 3 4 5 6 7 |  7.0
Throwing       | 1 2 3 4 5 6 7 |  7.0
Armour         | 1 2 3 4 5 6 7 |  7.0
Dodging        | 1 2 3 4 5 6 7 |  7.0
Shields        | 1 2 3 4 5 6 7 |  7.0
Unarmed Combat | 1 2 3 4 5 6 7 |  7.0
Evocations     | 1 2 3 4 5 6 7 |  7.0
Spellcasting   | 3 4 5 6 7 |  7.6
Conjurations   | 1 2 3 4 5 |  5.8
Hexes          | 1 2 3 4 5 |  5.8
Summonings     | 1 2 3 4 5 |  5.8
Necromancy     | 1 2 3 4 5 |  5.8
Translocations | 1 2 3 4 5 |  5.8
Transmutations | 1 2 3 4 5 |  5.8
Fire Magic     | 1 2 3 4 5 |  5.8
Ice Magic      | 1 2 3 4 5 |  5.8
Air Magic      | 1 2 3 4 5 |  5.8
Earth Magic    | 1 2 3 4 5 |  5.8
Poison Magic   | 1 2 3 4 5 |  5.8
Bows           | 3 4 5 6 7 |  7.5
Stealth        | 3 4 5 0 |  0.0
Polearms       | 7 8 9 |  9.7
Fighting       | 9 10 11 | 11.0

Action                   |  1- 3 |  4- 6 |  7- 9 | 10-12 || total
-------------------------+-------+-------+-------+-------++-------
Melee: Spear             |    38 |   107 |   166 |   484 ||   795
       Bite              |     2 |    12 |    11 |    48 ||    73
       Punch             |       |       |     7 |    15 ||    22
 Fire: Shortbow          |    30 |    79 |   135 |   211 ||   455
Throw: Throwing net      |       |       |     2 |     1 ||     3
 Cast: Summon Guardian G |       |       |       |     1 ||     1
Invok: Sacrifice Stealth |       |       |       |     1 ||     1
       Sacrifice an Eye  |       |       |       |     1 ||     1
Evoke: Wand              |       |       |     9 |     7 ||    16
  Use: Potion            |       |     2 |       |     2 ||     4
       Scroll            |       |     1 |    13 |    10 ||    24
 Stab: Sleeping          |       |       |     1 |       ||     1
       Held in net/web   |       |       |     1 |       ||     1
       Paralysed         |       |       |       |    19 ||    19
Armor: Leather armour    |     6 |    42 |    43 |   126 ||   217
       Skin              |       |     8 |       |       ||     8
Dodge: Dodged            |    26 |    98 |    76 |   253 ||   453
